 Dungeon Crawl Stone Soup version 0.25.0-11-g1f837a76a1 (webtiles) character file.

Game seed: 13651093477523451045

61508 funkygono the Peltast (level 14, -6/129 HPs)
             Began as a Minotaur Fighter on June 27, 2020.
             Was an Elder of the Shining One.
             Mangled by an orc warrior
             ... wielding a +0 trident
              (16 damage)
             ... on level 2 of the Orcish Mines.
             The game lasted 00:56:49 (20727 turns).

funkygono the Peltast (Minotaur Fighter)           Turns: 20727, Time: 00:56:49

Health: -6/129     AC: 21    Str: 31    XL:     14   Next: 60%
Magic:  0/18       EV: 12    Int:  5    God:    the Shining One [****..]
Gold:   2567       SH:  9    Dex: 13    Spells: 13/13 levels left

rFire    + . .     SeeInvis .   c - +11 mace of Lust {speed, Dex+2}
rCold    + . .     Gourm    .   (no shield)
rNeg     + + .     Faith    .   p - +0 chain mail
rPois    .         Spirit   +   (helmet restricted)
rElec    .         Reflect  .   y - scarf {rC+ rF+}
rCorr    .         Harm     .   L - +0 pair of gloves
MR       +....                  m - +2 pair of boots
Stlth    ..........             z - amulet of guardian spirit
HPRegen  0.31/turn              N - +4 ring of protection
MPRegen  0.16/turn              x - +6 ring of strength

@: divine shield, glowing, studying Fighting
A: retaliatory headbutt, horns 2
a: Divine Shield, Cleansing Flame, Renounce Religion


You were on level 2 of the Orcish Mines.
You worshipped the Shining One.
The Shining One was greatly pleased with you.
You were hungry.

You visited 4 branches of the dungeon, and saw 19 of its levels.
You also visited: Bailey and Ice Cave.

You collected 2567 gold pieces.

Inventory:

Hand Weapons
 a - a +3 flail of venom
 b - a +0 hand crossbow of freezing
 c - the +11 mace of Lust (weapon) {speed, Dex+2}
   (You found it on level 3 of the Lair of Beasts)

   Attacks with this weapon are significantly faster.
   It affects your dexterity (+2).
 H - the +2 shortbow "Cerunis" {vorpal, rC+}
   (You found it in a bailey)

   Any arrow fired from it inflicts extra damage.
   It protects you from cold.
Missiles
 e - 248 bolts
Armour
 m - a +2 pair of boots (worn)
 p - a +0 chain mail (worn)
 v - a +2 tower shield
 y - a scarf of resistance (worn)
 L - a +0 pair of gloves (worn)
Jewellery
 d - an uncursed amulet of faith
 h - an uncursed ring of resist corrosion
 j - an uncursed ring of poison resistance
 x - a +6 ring of strength (right hand)
 z - an amulet of guardian spirit (around neck)
 C - an uncursed ring of see invisible
 N - a +4 ring of protection (left hand)
Wands
 B - a wand of flame (52)
 F - a wand of iceblast (22)
 M - a wand of paralysis (33)
 Q - a wand of disintegration (4)
 U - a wand of acid (8)
Scrolls
 r - 3 scrolls of identify
 s - a scroll of holy word
 t - 2 scrolls of magic mapping
 u - 7 scrolls of remove curse
 D - 4 scrolls of fear
 E - a scroll of vulnerability
 G - 3 scrolls of teleportation
 I - 3 scrolls of fog
 K - 4 scrolls of blinking
 R - a scroll of amnesia
Potions
 g - 3 potions of curing
 i - 3 potions of flight
 k - a potion of mutation
 l - 2 potions of magic
 n - a potion of haste
 o - 3 potions of brilliance
 q - 2 potions of ambrosia
 A - 2 potions of lignification
 J - a potion of might
 O - a potion of cancellation
 P - 5 potions of stabbing
Books
 w - a manual of Fighting
Miscellaneous
 S - a box of beasts
 T - a lightning rod (4/4)
 W - a lightning rod (4/4)
Comestibles
 f - 29 rations
 V - 5 chunks of flesh


   Skills:
 * Level 13.3 Fighting
 + Level 14.9 Maces & Flails
 + Level 4.1 Crossbows
 + Level 11.9 Armour
 + Level 5.1 Dodging
 + Level 1.0 Stealth
 + Level 16.6 Shields
 + Level 7.8 Invocations
 + Level 2.1 Evocations


You had 13 spell levels left.
You didn't know any spells.
Your spell library contained the following spells:

 Spells                   Type           Power        Failure   Level  Hunger
 Corona                   Hex            #......      88%         1    ##.....
 Summon Small Mammal      Summ           #...         88%         1    ##.....
 Call Imp                 Summ           #.......     95%         2    ###....
 Ensorcelled Hibernation  Hex/Ice        #.....       95%         2    ###....
 Call Canine Familiar     Summ           #.......     99%         3    ####...
 Confusing Touch          Hex            #.......     99%         3    ####...
 Dazzling Flash           Conj/Hex       #.....       99%         3    ####...
 Recall                   Summ/Tloc      N/A          99%         3    ####...
 Summon Guardian Golem    Hex/Summ       #.......     99%         3    ####...
 Tukima's Dance           Hex            #.......     99%         3    ####...
 Summon Ice Beast         Ice/Summ       #.......     100%        4    #####..
 Summon Lightning Spire   Summ/Air       #.......     100%        4    #####..
 Aura of Abjuration       Summ           #.........   100%        5    ######.
 Summon Demon             Summ           #.........   100%        5    ######.
 Summon Forest            Summ/Tloc      #.........   100%        5    ######.
 Summon Mana Viper        Hex/Summ       #.......     100%        5    ######.
 Shadow Creatures         Summ           N/A          100%        6    #######


Dungeon Overview and Level Annotations

Branches:
Dungeon (10/15)            Temple (1/1) D:4            Lair (6/6) D:10
 Shoals (0/4) Lair:2        Snake (0/4) Lair:3          Orc (2/2) D:9
 Bailey (visited)           IceCv (visited)
  Slime: Lair:5-6       Elf: Orc:2

Altars:
Ashenzari
Cheibriados
Dithmenos
Elyvilon
Fedhas
Gozag
Hepliaklqana
Kikubaaqudgha
Makhleb
Nemelex Xobeh
Okawaru
Qazlal
Ru
Sif Muna
Trog
Uskayaw
Vehumet
Wu Jian
Xom
Yredelemnul
Zin
The Shining One
Jiyva

Shops:
D:4 *   Orc:1 *:*

Annotations:
Lair:1 3 runed translucent doors, funkygono's ghost, journeyman GrEE
Lair:5 2 transporters, Mumum's ghost, journeyman DrFE


Innate Abilities, Weirdness & Mutations

You reflexively headbutt those who attack you in melee.
You have a pair of horns on your head.


Message History

The orc warrior barely misses you.
You thump the orc warrior!
The orc warrior is moderately wounded.
You block the orc warrior's attack.
You hit the orc warrior but do no damage.
The orc warrior is almost dead.
The orc warrior hits you from afar with a +0 trident!
* * * LOW HITPOINT WARNING * * *
You block the orc warrior's attack. x2
You hit the orc warrior.
The orc warrior is almost dead.
The orc priest mumbles some strange prayers to Beogh against you.
Beogh smites you!
* * * LOW HITPOINT WARNING * * *
The orc wizard hits you but does no damage.
You hit the orc warrior but do no damage.
You headbutt the orc warrior, but do no damage.
The orc warrior is almost dead.
The orc warrior hits you from afar with a +0 trident!
You die...

###รท...# ###.###
#.....## ###..o...# ##.
#..o....## #..
###.....#.. ...
#.ooo.....# ...
#####oo........## ....
#.#.#.@o........###....
####.).)..##.......<.....
#.#......## .............
##........# #.#.........#
#........## ###........##
#.........###............
##.........###...........
#........##......#......
####..........)#####....


You could see 4 orc warriors, an orc priest, 2 orc wizards and an orc.

Vanquished Creatures
  A frost giant (IceCv)
  A fire dragon (Lair:6)
  Harold (Orc:1)
  3 hydras
  A catoblepas (Lair:3)
  A two-headed ogre (D:9)
  2 death yaks (IceCv)
  Sonja (Orc:1)
  The ghost of night the Martial Artist, a novice DsGl of Xom (D:8)
  A lindwurm (Lair:6)
  4 orc knights
  A swamp dragon (Lair:6)
  A manticore (Lair:2)
  A wolf spider (Lair:6)
  An ugly thing (D:10)
  Maurice (Orc:1)
  Joseph (D:8)
  11 elephants (Lair:6)
  An ice statue (IceCv)
  A guardian serpent (Lair:6)
  8 black mambas
  A torpor snail (Lair:6)
  7 rime drakes
  A centaur skeleton (D:9)
  12 spiny frogs
  5 komodo dragons
  2 hornets (Lair:6)
  8 polar bears
  5 trolls
  17 blink frogs
  4 dream sheep (Lair:6)
  9 hippogriffs
  3 redbacks (Lair:6)
  6 wyverns
  2 basilisks
  A spriggan (Lair:3)
  46 yaks
  2 hungry ghosts (D:9)
  4 wargs
  3 nagas (Lair:3)
  2 acid dragons (Lair:6)
  24 water moccasins
  Duvessa (D:7)
  24 orc warriors
  20 porcupines
  2 swamp drakes (Lair:6)
  3 sky beasts
  2 phantoms
  4 black bears
  3 ice beasts
  33 wolves
  7 ogres
  12 crocodiles
  The ghost of jazmu the Skirmisher, an amateur GrAs (D:5)
  3 centaurs
  17 bullfrogs
  A wyvern zombie (D:9)
  Dowan (D:7)
  A wyvern skeleton (D:7)
  4 scorpions
  2 troll zombies (D:9)
  14 killer bees
  3 wights (D:9)
  3 electric eels (Lair:3)
  A bullfrog zombie (D:7)
  4 crimson imps
  2 centaur zombies
  A bullfrog skeleton (D:7)
  7 orc priests
  3 hounds
  Crazy Yiuf (D:2)
  7 orc wizards
  4 iguanas
  3 worker ants
  A killer bee zombie (D:9)
  6 ogre zombies (D:9)
  2 hound skeletons
  A howler monkey zombie (D:5)
  A worker ant zombie (D:8)
  12 adders
  4 gnolls (D:6)
  A howler monkey skeleton (D:5)
  A shadow imp (D:8)
  An ooze (D:1)
  3 adder skeletons
  3 leopard geckos
  51 orcs
  2 ball pythons
  8 giant cockroaches
  13 goblins
  9 hobgoblins
  2 jackals (D:10)
  5 quokkas
  7 bats
  5 frilled lizards
  4 goblin skeletons (D:9)
  4 goblin zombies (D:9)
  3 hobgoblin zombies (D:9)
  A jackal skeleton (D:5)
  8 kobolds
  3 orc skeletons (D:9)
  11 orc zombies (D:9)
  2 quokka skeletons
  4 rats
  2 bushes (D:10)
  A butterfly (D:4)
  6 fungi (D:10)
  A plant (D:10)
590 creatures vanquished.

Vanquished Creatures (collateral kills)
  A blink frog (Lair:6)
1 creature vanquished.

Vanquished Creatures (others)
  2 wyverns (Lair:6)
  A swamp drake (Lair:6)
  A crocodile (Lair:6)
  An iguana (Lair:6)
  15 fungi
  41 plants
61 creatures vanquished.

Grand Total: 652 creatures vanquished

Notes
Turn   | Place    | Note
-------+----------+-------------------------------------------
     0 | D:1      | funkygono the Minotaur Fighter began the quest for the Orb.
     0 | D:1      | Reached XP level 1. HP: 19/19 MP: 0/0
    69 | D:1      | Reached XP level 2. HP: 27/27 MP: 1/1
   200 | D:1      | Reached skill level 4 in Shields
   808 | D:2      | Reached XP level 3. HP: 33/33 MP: 2/2
  1165 | D:2      | Found a runed translucent door.
  1166 | D:2      | Noticed Crazy Yiuf
  1174 | D:2      | Killed Crazy Yiuf
  1174 | D:2      | Reached XP level 4. HP: 22/40 MP: 3/3
  2001 | D:3      | Reached skill level 1 in Dodging
  2158 | D:3      | Found a shattered altar of Ashenzari.
  2317 | D:3      | Reached XP level 5. HP: 47/47 MP: 4/4
  2713 | D:4      | Found a staircase to the Ecumenical Temple.
  2720 | Temple   | Entered the Ecumenical Temple
  2968 | Temple   | Became a worshipper of the Shining One
  3090 | D:4      | Found a radiant altar of Vehumet.
  3092 | D:4      | Noticed an ogre
  3097 | D:4      | Killed an ogre
  3097 | D:4      | Reached skill level 5 in Maces & Flails
  3097 | D:4      | Reached skill level 5 in Shields
  3097 | D:4      | Reached XP level 6. HP: 33/53 MP: 5/5
  3367 | D:4      | Found Feeti's General Store.
  3738 | D:5      | Entered Level 5 of the Dungeon
  3977 | D:5      | Found a runed translucent door.
  3980 | D:5      | Noticed jazmu's ghost (amateur GrAs)
  4003 | D:5      | Killed jazmu's ghost
  4003 | D:5      | Reached * piety under the Shining One
  4380 | D:5      | Reached skill level 5 in Armour
  4404 | D:5      | Reached XP level 7. HP: 60/60 MP: 6/6
  4618 | D:6      | Reached skill level 5 in Fighting
  4695 | D:6      | Reached skill level 6 in Shields
  4991 | D:6      | Found a sacrificial altar of Ru.
  5194 | D:6      | Found a bloodstained altar of Trog.
  5197 | D:6      | Found a shimmering blue altar of Sif Muna.
  5200 | D:6      | Found a glowing silver altar of Zin.
  5363 | D:7      | HP: 1/61 [orc warrior/+2 scimitar of freezing (5)]
  5648 | D:7      | Noticed a hippogriff
  5655 | D:7      | Killed a hippogriff
  5655 | D:7      | Reached XP level 8. HP: 63/70 MP: 7/7
  5727 | D:7      | Noticed Duvessa
  5731 | D:7      | Noticed Dowan
  5737 | D:7      | Killed Duvessa
  5742 | D:7      | Killed Dowan
  5742 | D:7      | Reached skill level 7 in Shields
  6052 | D:7      | Found a shimmering altar of Xom.
  6052 | D:7      | Found a shimmering altar of Xom.
  6052 | D:7      | Found a shimmering altar of Xom.
  6121 | D:7      | Found a shimmering altar of Xom.
  6133 | D:7      | Found a shimmering altar of Xom.
  6406 | D:7      | Found a shimmering altar of Xom.
  6408 | D:7      | Found a shimmering altar of Xom.
  6510 | D:8      | Noticed Joseph
  6513 | D:8      | Reached ** piety under the Shining One
  6528 | D:8      | Reached XP level 9. HP: 70/78 MP: 8/8
  6544 | D:8      | Killed Joseph
  6544 | D:8      | Reached skill level 8 in Shields
  6795 | D:8      | Reached skill level 10 in Maces & Flails
  6802 | D:8      | Reached skill level 9 in Shields
  6830 | D:8      | HP: 1/79 [orc warrior/+0 long sword (14)]
  6849 | D:8      | HP: 2/79 [phantom (4)]
  6854 | D:8      | Reached XP level 10. HP: 3/86 MP: 9/9
  6999 | D:8      | Reached skill level 10 in Shields
  7329 | D:8      | Noticed night's ghost (novice DsGl)
  7330 | D:8      | Found a large runed translucent door.
  7331 | D:8      | Found a large runed translucent door.
  7520 | D:8      | Killed night's ghost
  7802 | D:9      | Found an opulent altar of Gozag.
  7814 | D:9      | Reached *** piety under the Shining One
  7822 | D:9      | Found a staircase to the Orcish Mines.
  7823 | D:9      | Reached **** piety under the Shining One
  7899 | D:9      | Reached ***** piety under the Shining One
  8276 | D:9      | Reached skill level 11 in Shields
  8450 | D:9      | Noticed a two-headed ogre
  8457 | D:9      | Killed a two-headed ogre
  8457 | D:9      | Reached skill level 1 in Invocations
  8699 | D:10     | Entered Level 10 of the Dungeon
  8859 | D:10     | Reached XP level 11. HP: 56/95 MP: 11/11
  9482 | D:10     | Found a staircase to the Lair.
  9567 | D:10     | Noticed a green ugly thing
  9579 | D:10     | Killed a green ugly thing
 10216 | Lair:1   | Entered Level 1 of the Lair of Beasts
 10240 | Lair:1   | Found a frozen archway.
 10248 | Lair:1   | Reached skill level 12 in Shields
 10257 | IceCv    | Entered an ice cave
 10445 | IceCv    | Noticed a death yak
 10458 | IceCv    | Killed a death yak
 10706 | IceCv    | Reached skill level 10 in Armour
 10878 | IceCv    | Reached XP level 12. HP: 58/105 MP: 14/14
 11172 | IceCv    | Reached skill level 5 in Invocations
 11267 | IceCv    | Noticed a frost giant
 11267 | IceCv    | Noticed a death yak
 11274 | IceCv    | Killed a death yak
 11274 | IceCv    | Reached skill level 13 in Shields
 11293 | IceCv    | Killed a frost giant
 12159 | Lair:1   | Found a runed translucent gate.
 12159 | Lair:1   | Noticed a death ooze
 12160 | Lair:1   | Found a runed translucent gate.
 12161 | Lair:1   | Found a runed translucent gate.
 12172 | Lair:1   | Noticed funkygono's ghost (journeyman GrEE)
 12372 | Lair:1   | Noticed a four-headed hydra
 12376 | Lair:1   | Killed a four-headed hydra
 12604 | Lair:1   | Reached skill level 1 in Evocations
 12611 | Lair:1   | Reached skill level 10 in Fighting
 13094 | Lair:1   | Found a viscous altar of Jiyva.
 13325 | Lair:2   | Found a staircase to the Shoals.
 13617 | Lair:2   | Noticed a seven-headed hydra
 13624 | Lair:2   | Killed a seven-headed hydra
 14167 | Lair:3   | Reached skill level 1 in Crossbows
 14179 | Lair:3   | Got a masterwork mace
 14180 | Lair:3   | Identified the +11 mace of Lust {speed, Dex+2} (You found
                  | it on level 3 of the Lair of Beasts)
 14225 | Lair:3   | Found a staircase to the Snake Pit.
 14319 | Lair:3   | Reached XP level 13. HP: 101/113 MP: 17/17
 15016 | Lair:3   | You fall into a shaft and drop 1 floor!
 15435 | Lair:4   | Reached skill level 14 in Shields
 16573 | Lair:5   | Noticed Mumum's ghost (journeyman DrFE)
 16583 | Lair:5   | Found a transporter.
 16588 | Lair:5   | Found a transporter.
 16653 | Lair:5   | You fall into a shaft and drop 1 floor!
 16653 | Lair:6   | Entered Level 6 of the Lair of Beasts
 16895 | Lair:6   | Reached skill level 1 in Stealth
 17253 | Lair:6   | Reached skill level 15 in Shields
 17811 | Lair:6   | Reached XP level 14. HP: 107/125 MP: 18/18
 18127 | Lair:6   | Reached skill level 16 in Shields
 19283 | Lair:6   | Identified a scroll of acquirement
 19553 | Orc:1    | Entered Level 1 of the Orcish Mines
 19553 | Orc:1    | Noticed Sonja
 19562 | Orc:1    | Reached skill level 5 in Dodging
 19566 | Orc:1    | Killed Sonja
 19584 | Orc:1    | Noticed Maurice
 19584 | Orc:1    | Noticed Harold
 19597 | Orc:1    | Killed Maurice
 19604 | Orc:1    | Killed Harold
 19654 | Orc:1    | Found Tion's Assorted Antiques.
 19660 | Orc:1    | Found a flagged portal.
 19670 | Orc:1    | You fall into a shaft and drop 1 floor!
 19670 | Orc:2    | Entered Level 2 of the Orcish Mines
 19929 | Bailey   | Entered a bailey
 20273 | Bailey   | Got an iridescent shortbow
 20374 | Orc:1    | Identified the cursed +2 shortbow "Cerunis" {vorpal, rC+}
                  | (You found it in a bailey)
 20402 | Orc:1    | Found Uzezidd's Book Boutique.
 20505 | Orc:1    | Found Eruzu's Assorted Antiques.
 20727 | Orc:2    | Mangled by an orc warrior

Illustrated notes

Levels and vault maps discovered:
D:1:      wheals_arrival_shading, layout_basic, minmay_tetromino_o2
D:2:      layout_basic, uniq_crazy_yiuf_cottage
D:3:      layout_loops_ring, evilmike_ruin_ashenzari
D:4:      layout_basic, vehumet_crystals, minmay_temple_entry_butterflies,
          serial_shops, shop, first_ration, kennysheep_boxes
D:5:      layout_cave_pods, hellmonk_ghost_happy_afterlife
D:6:      layout_loops_ring, kennysheep_mini, grunt_temple_overflow_diamond,
          nrook_mini_vaults
D:7:      minmay_angry_zag, layout_loops_ring, xom_redecorated, uniq_duvessa
D:8:      layout_cave_pools, ebering_ghost_disaster_area, uniq_joseph
D:9:      layout_loops_cross, marbit_many_paths, zombieorc2_lemuel,
          grunt_ogre_cave
D:10:     layout_irregular_city, minmay_lair_entry_grove
Temple:   eino_temple_water
Lair:1:   layout_cave_pods, portal_ice_cave_rime, gammafunk_ghost_ooze,
          beast_lair_carwin_9, grunt_megastairs_4
Lair:2:   wander_river, layout_layer_cave, minmay_shoals_entry_beasts,
          nicolae_quartered_pool_little, chequers_serial_rivers_marsh
Lair:3:   statuecave_lemuel, layout_gridlike,
          minmay_snake_entry_guardpost_small, serial_bayou_pond_e,
          serial_bayou_lagoon_a, minmay_holes, wad_woods_03
Lair:4:   layout_hall_layers, serial_bayou_shore_b, infiniplex_staircase_pool
Lair:5:   layout_long_grid, minmay_slime_entry_oklob_open, gammafunk_ghost_hive
Lair:6:   hangedman_lair_tendril_chambers, layout_cave_pods,
          guppyfry_lair_end_dragon
Orc:1:    layout_caves, serial_shops, shop, nicolae_shop_crystal, shop,
          enter_bailey_3, statue_in_the_mist_lemuel, uniq_maurice, uniq_harold,
          uniq_sonja
Orc:2:    grunt_orc_cross, layout_diamond_mine, gauntlet_entry_generic,
          uniq_rupert

Skill      XL: |  1  2  3  4  5  6  7  8  9 10 11 12 13 14 |
---------------+-------------------------------------------+-----
Fighting       | 4 5 6 7 8 9 10 11 13 | 13.3
Shields        | 4 5 6 7 9 11 12 13 15 16 | 16.6
Maces & Flails | 3 5 7 9 10 11 13 14 | 14.9
Armour         | 4 5 6 8 9 10 11 | 11.9
Dodging        | 1 2 3 4 5 |  5.1
Invocations    | 2 4 6 7 |  7.8
Evocations     | 1 2 |  2.1
Crossbows      | 1 3 4 |  4.1
Stealth        | 1 |  1.0

Action                   |  1- 3 |  4- 6 |  7- 9 | 10-12 | 13-15 || total
-------------------------+-------+-------+-------+-------+-------++-------
Melee: Flail             |    61 |   159 |   220 |   648 |       ||  1088
       Headbutt          |     5 |    16 |    42 |   172 |   178 ||   413
       Mace              |       |       |       |    12 |   671 ||   683
 Fire: Hand crossbow     |       |       |       |    26 |    52 ||    78
Invok: Divine Shield     |       |       |     1 |    13 |    12 ||    26
       Cleansing Flame   |       |       |       |     2 |     3 ||     5
Evoke: Wand              |       |       |       |     7 |    25 ||    32
       Box of beasts     |       |       |       |       |     2 ||     2
  Use: Scroll            |     1 |    10 |     8 |    11 |     7 ||    37
       Potion            |       |       |     6 |       |     6 ||    12
  Eat: Chunk             |     1 |    10 |     6 |    18 |    14 ||    49
       Ration            |       |       |     1 |     3 |     2 ||     6
Armor: Scale mail        |    18 |       |       |       |       ||    18
       Chain mail        |     2 |    60 |    91 |   112 |   181 ||   446
Dodge: Dodged            |    13 |    15 |    42 |    70 |   123 ||   263
Block: Kite shield       |    30 |    20 |       |       |       ||    50
       Tower shield      |       |    97 |   295 |   563 |   735 ||  1690
       Other             |       |       |       |       |    16 ||    16
